 Dungeon Crawl Stone Soup version 0.30.0-29-ga12c61a403 (webtiles) character file.

Game seed: 7458655668599328217

2594 croobank the Magician (level 9, -6/66 HPs)
             Began as a Gnoll Fire Elementalist on June 6, 2023.
             Was an Initiate of Gozag.
             Engulfed by a cloud of flame (19 damage)
             ... on level 7 of the Dungeon.
             The game lasted 00:20:57 (8524 turns).

croobank the Magician (Gnoll Fire Elementalist)     Turns: 8524, Time: 00:20:57

Health: -6/66      AC:  5    Str:  9    XL:     9   Next: 58%
Magic:  4/19       EV: 14    Int: 18    God:    Gozag
Gold:   329        SH:  0    Dex: 12    Spells: 8/21 levels left

rFire   . . .        t - +6 dire flail (protect)
rCold   . . .        (shield currently unavailable)
rNeg    . . .        a - +0 robe
rPois   .            q - +1 helmet
rElec   .            (no cloak)
rCorr   .            m - +0 pair of gloves
SInv    .            (no boots)
Will    .....        e - amulet of regeneration
Stlth   +++          (no ring)
HPRegen 1.11/turn    (no ring)
MPRegen 0.16/turn

%: no passive effects
@: gold aura
A: fangs 1, strong nose, distributed training
a: Renounce Religion, Potion Petition, Call Merchant, Bribe Branch


You were on level 7 of the Dungeon.
You worshipped Gozag.
Gozag was aware of your devotion.
You visited 2 branches of the dungeon, and saw 8 of its levels.

You collected 727 gold pieces.
You spent 276 gold pieces at shops.
You paid 122 gold pieces to Gozag.

Inventory:

Hand Weapons
 k - a +5 war axe
 p - a +0 short sword
 t - a +6 dire flail of protection (weapon)
 u - a +0 short sword of holy wrath
 y - the +5 dagger of the Viper {antimagic, Int+5}
   (You took it off an orc on level 4 of the Dungeon)

   Int:       It affects your intelligence (+5).
 A - a +0 falchion
 C - a +4 scimitar of protection
 D - a +4 long sword
Missiles
 j - 5 curare-tipped darts
 v - a throwing net
Armour
 a - a +0 robe (worn)
 m - a +0 pair of gloves (worn)
 q - a +1 helmet (worn)
 B - the +4 ring mail "Lepaf" {Str+3 Int+4}
   (You found it on level 4 of the Dungeon)

   Str:       It affects your strength (+3).
   Int:       It affects your intelligence (+4).
Jewellery
 e - an amulet of regeneration (around neck)
 s - an amulet of the acrobat
 w - a ring of fire
Wands
 o - a wand of flame (18)
Scrolls
 d - 4 scrolls of identify
 f - a scroll of immolation
 g - a scroll of fear
 l - 2 scrolls of teleportation
 r - a scroll of vulnerability
 x - 3 scrolls of blinking
 F - a scroll of butterflies
Potions
 b - a potion of magic
 c - a potion of haste
 i - 2 potions of lignification
 z - a potion of flight
 E - a potion of brilliance


   Skills:
 + Level 4.5 Fighting
 + Level 4.5 Short Blades
 + Level 4.5 Long Blades
 + Level 4.5 Axes
 + Level 4.5 Maces & Flails
 + Level 4.5 Polearms
 + Level 4.5 Staves
 + Level 4.5 Ranged Weapons
 + Level 4.5 Throwing
 + Level 4.5 Armour
 + Level 6.5 Dodging
 + Level 6.2 Stealth
 + Level 4.5 Shields
 + Level 4.5 Unarmed Combat
 + Level 6.8 Spellcasting
 + Level 4.4 Conjurations
 + Level 3.7 Hexes
 + Level 3.7 Summonings
 + Level 3.7 Necromancy
 + Level 3.7 Translocations
 + Level 3.7 Transmutations
 + Level 6.7 Fire Magic
 + Level 3.7 Ice Magic
 + Level 3.7 Air Magic
 + Level 3.7 Earth Magic
 + Level 3.7 Poison Magic
 + Level 5.0 Invocations
 + Level 4.5 Evocations


You had 8 spell levels left.
You knew the following spells:

 Your Spells              Type           Power      Damage    Failure   Level
a - Foxfire               Conj/Fire      100%       2x1d9     1%          1
b - Scorch                Fire           60%        2d7       1%          2
c - Inner Flame           Hex/Fire       25%        N/A       3%          3
d - Flame Wave            Conj/Fire      26%        2d8       11%         4
e - Frozen Ramparts       Ice            38%        1d6       7%          3

Your spell library contained the following spells:

 Spells                   Type           Power      Damage    Failure   Level
 Slow                     Hex            76%        N/A       2%          1
 Ensorcelled Hibernation  Hex/Ice        38%        N/A       3%          2
 Lesser Beckoning         Tloc           38%        N/A       3%          2
 Passwall                 Tmut/Erth      15%        N/A       3%          2
 Sublimation of Blood     Necr           19%        N/A       3%          2
 Wereblood                Tmut           19%        N/A       3%          2
 Volatile Blastmotes      Fire/Tloc      50%        2d14      3%          3
 Confusing Touch          Hex            19%        N/A       7%          3
 Gell's Gravitas          Tloc           19%        N/A       7%          3
 Swiftness                Air            19%        N/A       7%          3
 Teleport Other           Tloc           19%        N/A       7%          3
 Vampiric Draining        Necr           19%        2d7       7%          3
 Ice Form                 Ice/Tmut       19%        N/A       22%         4
 Summon Ice Beast         Ice/Summ       19%        N/A       22%         4
 Summon Hydra             Summ           9%         N/A       100%        7


Dungeon Overview and Level Annotations

Branches:
Dungeon (7/15)             Temple (1/1) D:6

Altars:
Ashenzari
Fedhas
Gozag
Hepliaklqana
Nemelex Xobeh
Okawaru
Qazlal
Ru
Trog
Vehumet
Xom
The Shining One

Shops:
D:1 *::((   D:6 ?

Annotations:
D:2 1 runed translucent door, Crazy Yiuf
D:5 2 transporters


Innate Abilities, Weirdness & Mutations

You have very sharp teeth.
Your uncanny sense of smell can sniff out nearby items.
Your experience applies equally to all skills.


Message History

You feel very sick.
The foxfire hits the killer bee!
You kill the killer bee!
The killer bee misses you. x2; The killer bee barely misses you.
A white imp comes into view.
Your Invocations skill increases to level 5!
Casting: Foxfire (safe; 1% risk of failure)
Confirm with . or Enter, or press ? or * to list all spells.
Aiming: Inner Flame (dangerous; 3% risk of failure)
Press: ? - help, Dir - move target, f - killer bee
Aim: a killer bee (heavily wounded, ally target, chance to affect: 85%)
The killer bee is filled with an inner flame.
You feel sick.
The killer bee is no longer distracted by gold.
The foxfire hits the killer bee.
Flame seeps out of the killer bee.
The killer bee is almost dead.
The foxfire hits the killer bee.
The killer bee explodes!
The fiery explosion engulfs the killer bee!!
You kill the killer bee!
The fiery explosion engulfs you!!
The killer bee is distracted by your dazzling golden aura.
The killer bee buzzes angrily.
Casting: Inner Flame (dangerous; 3% risk of failure)
Confirm with . or Enter, or press ? or * to list all spells.
Casting: Flame Wave (dangerous; 11% risk of failure)
Press: ? - help, Dir - look around, f - activate A wave of flame ripples out!
The flame wave engulfs the killer bee!
The killer bee is heavily wounded.
The killer bee is no longer distracted by gold. (Press . to intensify the flame waves.)
You are engulfed in blazing flames.
* * * LOW HITPOINT WARNING * * *
x2 You feel very sick.
The killer bee is distracted by your dazzling golden aura.
The water moccasin is distracted by your dazzling golden aura.
The sleepcap is distracted by your dazzling golden aura.
You feel better.
You are engulfed in blazing flames.
You die...
Your body crumbles into a pile of gold.

∆..#####$.
##......$.
......5.#
#.....f.#
#...Sy..#
#§§.....#
#°$y....#
#§@$....#
#.......#
#.......# (
#...)...#
....##......##.
........<.......
....########....
.. .... ..


You could see a water moccasin (unaware), a sleepcap (unaware), 2 killer bees
and a white imp.

Vanquished Creatures
  2 steam dragons (D:6)
  Edmund (D:4)
  An orc warrior (D:6)
  A sky beast (D:6)
  2 ogres
  A centaur (D:6)
  A phantom (D:6)
  2 bullfrogs (D:6)
  2 scorpions (D:5)
  4 wights
  4 killer bees (D:7)
  2 jellies
  2 quasits
  2 gnoll boudas
  5 orc priests
  4 iguanas
  5 orc wizards
  19 gnolls
  3 river rats (D:6)
  14 adders
  5 shadow imps
  A white imp (D:6)
  5 ufetubi
  A worm (D:6)
  3 dart slugs
  14 orcs
  9 ball pythons
  8 endoplasms
  5 giant cockroaches
  9 goblins
  5 hobgoblins
  11 jackals
  7 kobolds
  A quokka (D:1)
  3 bats
  4 frilled lizards
  8 rats
176 creatures vanquished.

Vanquished Creatures (collateral kills)
  A foxfire (D:5)
1 creature vanquished.

Vanquished Creatures (others)
  An adder (D:6)
  An orc (D:6)
  386 foxfires
388 creatures vanquished.

Grand Total: 565 creatures vanquished

Notes
Turn   | Place    | Note
-------+----------+-------------------------------------------
     0 | D:1      | croobank the Gnoll Fire Elementalist began the quest for
                  | the Orb.
     0 | D:1      | Reached XP level 1. HP: 13/13 MP: 6/6
    11 | D:1      | Found Dunan's Book Shop.
   197 | D:1      | Found Gexzasch's Assorted Antiques.
   275 | D:1      | Reached XP level 2. HP: 19/19 MP: 4/7
   278 | D:1      | Learned a level 2 spell: Scorch
   562 | D:1      | Found Itarchunk's Antique Weapon Boutique.
   573 | D:1      | Found Xoz Tuym's Weapon Emporium.
   581 | D:1      | Reached skill level 5 in Spellcasting
   581 | D:1      | Reached XP level 3. HP: 25/25 MP: 4/9
   889 | D:1      | Found Aschagh's Book Shop.
  1187 | D:2      | Reached skill level 1 in Invocations
  1295 | D:2      | Reached skill level 1 in Fighting
  1295 | D:2      | Reached skill level 1 in Short Blades
  1295 | D:2      | Reached skill level 1 in Long Blades
  1295 | D:2      | Reached skill level 1 in Axes
  1295 | D:2      | Reached skill level 1 in Maces & Flails
  1295 | D:2      | Reached skill level 1 in Polearms
  1295 | D:2      | Reached skill level 1 in Staves
  1295 | D:2      | Reached skill level 1 in Ranged Weapons
  1295 | D:2      | Reached skill level 1 in Throwing
  1295 | D:2      | Reached skill level 1 in Armour
  1295 | D:2      | Reached skill level 1 in Shields
  1295 | D:2      | Reached skill level 1 in Unarmed Combat
  1295 | D:2      | Reached skill level 1 in Evocations
  1424 | D:2      | Reached XP level 4. HP: 32/32 MP: 8/11
  2056 | D:2      | Reached skill level 1 in Hexes
  2056 | D:2      | Reached skill level 1 in Summonings
  2056 | D:2      | Reached skill level 1 in Necromancy
  2056 | D:2      | Reached skill level 1 in Translocations
  2056 | D:2      | Reached skill level 1 in Transmutations
  2056 | D:2      | Reached skill level 1 in Ice Magic
  2056 | D:2      | Reached skill level 1 in Air Magic
  2056 | D:2      | Reached skill level 1 in Earth Magic
  2056 | D:2      | Reached skill level 1 in Poison Magic
  2170 | D:2      | Found a runed translucent door.
  2171 | D:2      | Noticed Crazy Yiuf
  2439 | D:3      | Reached XP level 5. HP: 37/37 MP: 5/12
  2768 | D:3      | Learned a level 3 spell: Inner Flame
  2773 | D:3      | Learned a level 4 spell: Flame Wave
  2996 | D:3      | Reached XP level 6. HP: 44/44 MP: 9/13
  3442 | D:3      | Reached skill level 5 in Dodging
  3586 | D:4      | Noticed Edmund
  3600 | D:4      | Killed Edmund
  3961 | D:4      | Identified the +4 ring mail "Lepaf" {Str+3 Int+4}
  4003 | D:4      | Identified the +5 dagger of the Viper {antimagic, Int+5}
  4024 | D:4      | Reached XP level 7. HP: 50/50 MP: 8/15
  4377 | D:5      | Entered Level 5 of the Dungeon
  4615 | D:4      | Learned a level 3 spell: Frozen Ramparts
  4742 | D:5      | Reached skill level 5 in Stealth
  4998 | D:5      | Reached XP level 8. HP: 58/58 MP: 4/16
  5077 | D:5      | Found a transporter.
  5478 | D:5      | Found a transporter.
  5831 | D:6      | Found a staircase to the Ecumenical Temple.
  5841 | Temple   | Entered the Ecumenical Temple
  5847 | Temple   | Became a worshipper of Gozag Ym Sagoz the Greedy
  5946 | D:6      | HP: 1/58 [steam dragon] (8)]
  6548 | D:6      | Reached XP level 9. HP: 65/65 MP: 13/18
  6889 | D:5      | Identified the +0 hand axe of Summer {freeze, rElec rN+
                  | Int-5 Stlth+}
  7345 | D:5      | Found a blossoming altar of Fedhas.
  8132 | D:6      | Found Tucel's Magic Scroll Boutique.
  8138 | D:6      | Bought a scroll of identify for 24 gold pieces
  8138 | D:6      | Bought a scroll of identify for 24 gold pieces
  8138 | D:6      | Bought a scroll of butterflies for 48 gold pieces
  8138 | D:6      | Bought a scroll of blinking for 90 gold pieces
  8138 | D:6      | Bought a scroll of blinking for 90 gold pieces
  8522 | D:7      | Reached skill level 5 in Invocations
  8523 | D:7      | HP: 3/66 [poisoned by a killer bee]
  8524 | D:7      | Engulfed by a cloud of flame

Illustrated notes

Levels and vault maps discovered:
D:1:      dpeg_arrival_tiny_h, layout_rooms, serial_shops, shop,
          nicolae_shop_advertising_works [nicolae_subvault_shop_adworks], shop,
          nicolae_shop_bloodbath_and_beyond, shop
D:2:      layout_basic, serial_corexii_hall, corexii_hall_statues_u,
          chequers_hall_statues_y, uniq_crazy_yiuf_cottage
D:3:      layout_loops_ring, amethyst_killhole, minmay_close_crescents
D:4:      layout_basic, grunt_decor_clamped, uniq_edmund
D:5:      layout_layer_cave, gammafunk_temple_overflow_arena, serial_demonic,
          serial_demonic_b, serial_demonic_c, serial_demonic_c,
          serial_demonic_b, serial_demonic_e, serial_demonic_a
D:6:      minmay_razor_zed, layout_loops_ring, minmay_temple_entry_butterflies,
          serial_shops, shop_statue, portal_sewer_entry_e
D:7:      layout_basic, yredelemnul_altar_generic, serial_glass,
          glass_columns_b, glass_columns_c, glass_columns_c, glass_columns_c
Temple:   hellmonk_temple_two_chambers

Skill      XL: |  1  2  3  4  5  6  7  8  9 |
---------------+----------------------------+-----
Conjurations   | 2 3 4 |  4.4
Spellcasting   | 5 6 |  6.8
Invocations    | 1 2 3 4 5 |  5.0
Fighting       | 1 2 3 4 |  4.5
Short Blades   | 1 2 3 4 |  4.5
Long Blades    | 1 2 3 4 |  4.5
Axes           | 1 2 3 4 |  4.5
Maces & Flails | 1 2 3 4 |  4.5
Polearms       | 1 2 3 4 |  4.5
Staves         | 1 2 3 4 |  4.5
Ranged Weapons | 1 2 3 4 |  4.5
Throwing       | 1 2 3 4 |  4.5
Armour         | 1 2 3 4 |  4.5
Shields        | 1 2 3 4 |  4.5
Unarmed Combat | 1 2 3 4 |  4.5
Evocations     | 1 2 3 4 |  4.5
Hexes          | 1 2 3 |  3.7
Summonings     | 1 2 3 |  3.7
Necromancy     | 1 2 3 |  3.7
Translocations | 1 2 3 |  3.7
Transmutations | 1 2 3 |  3.7
Ice Magic      | 1 2 3 |  3.7
Air Magic      | 1 2 3 |  3.7
Earth Magic    | 1 2 3 |  3.7
Poison Magic   | 1 2 3 |  3.7
Dodging        | 5 6 |  6.5
Stealth        | 5 6 |  6.2
Fire Magic     | 6 |  6.7

Action                     |  1- 3 |  4- 6 |  7- 9 || total
---------------------------+-------+-------+-------++-------
  Melee: Unarmed           |     7 |       |       ||     7
         Bite              |     1 |     2 |     6 ||     9
         Dire flail        |       |     5 |    65 ||    70
         Short sword       |       |     1 |       ||     1
   Cast: Foxfire           |    60 |    70 |   104 ||   234
         Scorch            |    14 |    24 |    69 ||   107
         Inner Flame       |       |     1 |     1 ||     2
         Flame Wave        |       |       |     6 ||     6
         Frozen Ramparts   |       |       |     1 ||     1
    Use: Potion            |     1 |       |     3 ||     4
         Scroll            |       |       |    17 ||    17
   Stab: Sleeping          |       |       |     2 ||     2
         Distracted        |       |       |     1 ||     1
 Armour: Robe              |     4 |       |    42 ||    46
  Dodge: Dodged            |    23 |     5 |   137 ||   165
